 Dungeon Sprint DCSS version 0.30.1 (webtiles) character file.

Game seed: 11704968569094839086

7500000 BreadTh the Intangible (level 24, -8/158 HPs)
             Began as a Spriggan Fighter on July 11, 2023.
             Was the Champion of Makhleb.
             Killed by the air
             ... invoked by a tyrant
              (45 damage)
             ... in the Dungeon (Sprint VIII: "Arena of Blood").
             The game lasted 00:06:06 (75 turns).

BreadTh the Intangible (Spriggan Fighter)             Turns: 75, Time: 00:06:07

Health: -8/158     AC:  4    Str: 12    XL:     24   Next: 24%
Magic:  26/55      EV: 47    Int: 11    God:    Makhleb [******]
Gold:   0          SH:  0    Dex: 24    Spells: 77/77 levels left

rFire   . . .        k - +∞ Axe of Woe
rCold   . . .        (shield currently unavailable)
rNeg    . . .        b - +0 robe
rPois   .            (helmet restricted)
rElec   .            (no cloak)
rCorr   .            (gloves unavailable)
SInv    +            (boots unavailable)
Will    ++++.        (no amulet)
Stlth   ++++++++++   (no ring)
HPRegen 0.46/turn    (no ring)
MPRegen 0.34/turn

%: no teleportation
@: very quick
A: very small, no large weapons, unfitting armour, see invisible, speed 3
a: Renounce Religion, Minor Destruction, Lesser Servant of Makhleb, Major
Destruction, Greater Servant of Makhleb


You were in the Dungeon.
You worshipped Makhleb.
Makhleb was exalted by your worship.
You visited 1 branch

Inventory:

Hand Weapons
 a - a +0 war axe
 k - the +∞ Axe of Woe (weapon)
   (You found it in the Dungeon)
Armour
 b - a +0 robe (worn)
 c - a +0 buckler
Jewellery
 l - a ring of see invisible
Scrolls
 j - a scroll of blinking
Potions
 d - a potion of might
 e - a potion of curing
 f - a potion of heal wounds
 g - a potion of haste
 h - 2 potions of magic
 i - a potion of berserk rage


   Skills:
 O Level 27 Fighting
 + Level 1.5(1.9) Short Blades
 + Level 1.1(1.3) Long Blades
 O Level 27 Axes
 O Level 27 Maces & Flails
 O Level 27 Polearms
 O Level 27 Staves
 + Level 1.3 Ranged Weapons
 + Level 1.3 Throwing
 O Level 27 Armour
 O Level 27 Dodging
 O Level 27 Stealth
 O Level 27 Shields
 O Level 27 Unarmed Combat
 O Level 27 Spellcasting
 + Level 1.0 Conjurations
 + Level 1.8 Hexes
 + Level 1.1 Summonings
 + Level 1.2 Necromancy
 + Level 2.3 Translocations
 + Level 1.9 Transmutations
 + Level 1.1 Fire Magic
 + Level 1.1 Ice Magic
 + Level 1.3 Air Magic
 + Level 1.2 Earth Magic
 + Level 1.4 Poison Magic
 O Level 27 Invocations
 + Level 2.1 Evocations


You had 77 spell levels left.
You didn't know any spells.
Your spell library was empty.

Dungeon Overview and Level Annotations

Branches:
Dungeon (1/1)

Altars:
Makhleb


Innate Abilities, Weirdness & Mutations

You are very small and have problems with some larger weapons.
You are too small for most types of armour.
You have supernaturally acute eyesight. (SInv)
You cover ground extremely quickly. (Speed+++)


Message History

You hear a shout!
The destroyer casts a spell at you.
The destroyer blinks!
You hear a shout!
You hit the meat beast but do no damage.
You pulverise the meat beast into a thin bloody mist.
You kill the meat beast!
Makhleb accepts your kill.
You feel better.
You hear a shout! x4
The dread throws damnation at you.
The sphere of damnation explodes!
The damnation engulfs you!!!
You hear a shout! x2
You have mastered Staves!
You need to enable at least one skill for training.
Your Short Blades skill increases to level 1!
Your Long Blades skill increases to level 1!
Your Ranged Weapons skill increases to level 1!
Your Throwing skill increases to level 1!
Your Conjurations skill increases to level 1!
Your Hexes skill increases to level 1!
Your Summonings skill increases to level 1!
Your Necromancy skill increases to level 1!
Your Translocations skill gained 2 levels and is now at level 2!
Your Transmutations skill increases to level 1!
Your Fire Magic skill increases to level 1!
Your Ice Magic skill increases to level 1!
Your Air Magic skill increases to level 1!
Your Earth Magic skill increases to level 1!
Your Poison Magic skill increases to level 1!
Your Evocations skill gained 2 levels and is now at level 2!
You have reached level 24! 3 bags of meat come into view.
You hear a shout! x2
The accursed points at you and mumbles some strange words.
Something smites you!
* * * LOW HITPOINT WARNING * * *
The tyrant waves its bony arms in wide circles.
The air twists around and strikes you!!!
You die...

...§#### V..o..O####
####...o)M####
....§oX.).)..####
...o.XL.LoOo....####
..XXX..§)zo........#
L..X.Xo#.oX..O...V.#
...X.####.O.o......#
......§.oL.V.)..@..#
........Xo.o#..W...#
................O..#
..........V.#......#
#..................#
# . ........##.....#
###......... ......#
....... .. ##ooo..#
.......


You could see an accursed, a tyrant, 3 destroyers, a sculptor of flesh, a large
bag of meat (inner flame), a large abomination (summoned), a dread, 3 meat
berserkers and 10 bags of meat.

Vanquished Creatures
  3 hell beasts (D)
  7 vampire knights (D)
  15 ogres (D)
  2 liches (D)
  29 orcs (D)
56 creatures vanquished.

Notes
Turn   | Place    | Note
-------+----------+-------------------------------------------
     0 | D        | Found the +∞ Axe of Woe
     0 | D        | BreadTh the Spriggan Fighter began the quest for the Orb.
     0 | D        | Reached XP level 1. HP: 11/11 MP: 2/2
     1 | D        | Noticed a bag of meat
     1 | D        | Noticed a bag of meat
     2 | D        | Noticed a bag of meat
     2 | D        | Noticed a bag of meat
     3 | D        | Noticed a meat berserker
     3 | D        | Noticed a bag of meat
     4 | D        | Noticed a bag of meat
     6 | D        | Noticed a meat berserker
     7 | D        | Noticed a bag of meat
     9 | D        | Killed a meat berserker
    10 | D        | Reached XP level 2. HP: 30/30 MP: 3/3
    10 | D        | Reached XP level 3. HP: 34/34 MP: 4/4
    10 | D        | Reached XP level 4. HP: 39/39 MP: 5/5
    10 | D        | Reached XP level 5. HP: 43/43 MP: 6/6
    10 | D        | Reached XP level 6. HP: 48/48 MP: 7/7
    10 | D        | Reached XP level 7. HP: 52/52 MP: 8/8
    10 | D        | Reached XP level 8. HP: 57/57 MP: 9/9
    10 | D        | Reached XP level 9. HP: 61/61 MP: 10/10
    10 | D        | Reached XP level 10. HP: 66/66 MP: 11/11
    10 | D        | Reached XP level 11. HP: 70/70 MP: 12/12
    10 | D        | Killed a bag of meat
    10 | D        | Killed a bag of meat
    11 | D        | Reached skill level 15 in Fighting
    11 | D        | Reached XP level 12. HP: 77/77 MP: 13/13
    11 | D        | Reached XP level 13. HP: 81/81 MP: 14/14
    11 | D        | Killed a bag of meat
    11 | D        | Noticed a meat berserker
    11 | D        | Noticed a meat berserker
    12 | D        | Reached skill level 15 in Shields
    12 | D        | Killed a meat berserker
    13 | D        | Reached XP level 14. HP: 47/89 MP: 15/15
    13 | D        | Killed a bag of meat
    13 | D        | Killed a bag of meat
    13 | D        | Killed a meat berserker
    13 | D        | Noticed a meat berserker
    13 | D        | Noticed a bag of meat
    14 | D        | Reached skill level 27 in Dodging
    14 | D        | Reached XP level 15. HP: 51/97 MP: 16/16
    14 | D        | Became a worshipper of Makhleb the Destroyer
    15 | D        | Reached * piety under Makhleb
    18 | D        | Killed a meat berserker
    18 | D        | Killed a meat berserker
    18 | D        | Reached ** piety under Makhleb
    19 | D        | Reached XP level 16. HP: 96/107 MP: 17/17
    19 | D        | Noticed a meat berserker
    23 | D        | Noticed a meat berserker
    23 | D        | Noticed a meat berserker
    23 | D        | Noticed a meat berserker
    26 | D        | Noticed a large bag of meat
    27 | D        | Killed a meat berserker
    27 | D        | Killed a meat berserker
    27 | D        | Killed a meat berserker
    27 | D        | Reached *** piety under Makhleb
    28 | D        | Reached skill level 10 in Spellcasting
    28 | D        | Reached XP level 17. HP: 115/115 MP: 17/32
    28 | D        | Noticed a destroyer
    28 | D        | Noticed an eight-headed meat hydra
    28 | D        | Noticed a destroyer
    29 | D        | Noticed a meat berserker
    30 | D        | Noticed a large bag of meat
    30 | D        | Noticed a destroyer
    31 | D        | Reached **** piety under Makhleb
    32 | D        | Reached skill level 27 in Axes
    32 | D        | Reached XP level 18. HP: 123/123 MP: 17/37
    32 | D        | Noticed a sculptor of flesh
    35 | D        | Killed a destroyer
    35 | D        | Reached ***** piety under Makhleb
    36 | D        | Reached skill level 27 in Fighting
    38 | D        | Noticed a destroyer
    39 | D        | Noticed a destroyer
    43 | D        | Killed a destroyer
    43 | D        | Killed a destroyer
    43 | D        | Reached ****** piety under Makhleb
    43 | D        | Killed a destroyer
    44 | D        | Reached skill level 27 in Stealth
    44 | D        | Reached skill level 27 in Invocations
    44 | D        | Reached XP level 19. HP: 132/132 MP: 19/47
    45 | D        | Noticed a meat berserker
    49 | D        | Noticed a tyrant
    49 | D        | Noticed a meat berserker
    50 | D        | Noticed a meat berserker
    50 | D        | Noticed a destroyer
    51 | D        | Noticed a destroyer
    51 | D        | Noticed a meat berserker
    51 | D        | Noticed a destroyer
    52 | D        | Noticed a tyrant
    52 | D        | Noticed a tyrant
    53 | D        | Noticed a large bag of meat
    54 | D        | Noticed a destroyer
    54 | D        | Noticed a meat berserker
    55 | D        | Noticed a destroyer
    57 | D        | Noticed an accursed
    57 | D        | Killed a tyrant
    58 | D        | Reached skill level 10 in Unarmed Combat
    58 | D        | Reached XP level 20. HP: 54/137 MP: 22/51
    58 | D        | Killed a meat berserker
    58 | D        | Killed a meat berserker
    59 | D        | Reached skill level 27 in Shields
    59 | D        | Reached skill level 27 in Spellcasting
    60 | D        | Killed a tyrant
    60 | D        | Killed a meat berserker
    60 | D        | Killed a meat berserker
    60 | D        | Noticed a meat beast
    61 | D        | Reached XP level 21. HP: 114/142 MP: 22/53
    62 | D        | Reached skill level 27 in Armour
    63 | D        | Reached skill level 27 in Unarmed Combat
    63 | D        | Killed a destroyer
    63 | D        | Killed a destroyer
    64 | D        | Reached XP level 22. HP: 148/148 MP: 23/54
    64 | D        | Killed a destroyer
    65 | D        | Noticed a meat beast
    66 | D        | Noticed a tyrant
    67 | D        | Noticed a destroyer
    69 | D        | Killed a meat beast
    69 | D        | Noticed a meat beast
    70 | D        | Reached XP level 23. HP: 131/153 MP: 24/55
    70 | D        | Noticed a dread
    70 | D        | Killed a meat beast
    71 | D        | Reached skill level 27 in Maces & Flails
    71 | D        | Reached skill level 27 in Polearms
    74 | D        | Killed a meat beast
    75 | D        | Reached skill level 27 in Staves
    75 | D        | Reached skill level 1 in Short Blades
    75 | D        | Reached skill level 1 in Long Blades
    75 | D        | Reached skill level 1 in Ranged Weapons
    75 | D        | Reached skill level 1 in Throwing
    75 | D        | Reached skill level 1 in Conjurations
    75 | D        | Reached skill level 1 in Hexes
    75 | D        | Reached skill level 1 in Summonings
    75 | D        | Reached skill level 1 in Necromancy
    75 | D        | Reached skill level 1 in Transmutations
    75 | D        | Reached skill level 1 in Fire Magic
    75 | D        | Reached skill level 1 in Ice Magic
    75 | D        | Reached skill level 1 in Air Magic
    75 | D        | Reached skill level 1 in Earth Magic
    75 | D        | Reached skill level 1 in Poison Magic
    75 | D        | Reached XP level 24. HP: 49/158 MP: 26/55
    75 | D        | Killed from afar by a tyrant

Illustrated notes

Levels and vault maps discovered:
D:        meatsprint

Skill      XL: |  1  2  3  4  5  6  7  8  9 10 11 12 13 14 15 16 17 18 19 20 21 22 23 |
---------------+----------------------------------------------------------------------+-----
Fighting       | 14 15 17 19 22 23 25 27 | 27.0
Axes           | 7 12 16 19 24 26 27 | 27.0
Dodging        | 21 23 25 27 | 27.0
Shields        | 13 14 16 17 20 21 22 25 26 27 | 27.0
Armour         | 6 9 16 18 26 27 | 27.0
Stealth        | 12 18 27 | 27.0
Spellcasting   | 10 14 23 26 27 | 27.0
Invocations    | 11 16 27 | 27.0
Unarmed Combat | 10 23 27 | 27.0
Maces & Flails | 17 25 27 | 27.0
Polearms       | 17 25 27 | 27.0
Staves         | 27 | 27.0
Short Blades   | 1 |  1.5
Long Blades    | 1 |  1.1
Ranged Weapons | 1 |  1.3
Throwing       | 1 |  1.3
Conjurations   | 1 |  1.0
Hexes          | 1 |  1.8
Summonings     | 1 |  1.1
Necromancy     | 1 |  1.2
Translocations | 2 |  2.3
Transmutations | 1 |  1.9
Fire Magic     | 1 |  1.1
Ice Magic      | 1 |  1.1
Air Magic      | 1 |  1.3
Earth Magic    | 1 |  1.2
Poison Magic   | 1 |  1.4
Evocations     | 2 |  2.1

Action                     |  1- 3 |  4- 6 |  7- 9 | 10-12 | 13-15 | 16-18 | 19-21 | 22-24 || total
---------------------------+-------+-------+-------+-------+-------+-------+-------+-------++-------
  Melee: Broad axe         |     1 |       |       |     1 |     6 |     5 |     6 |     5 ||    24
  Dodge: Dodged            |       |       |       |       |       |     1 |     3 |     2 ||     6
